[Event "1st Chessable Sunway Formentera 2022"]
[Site "Formentera Punta Prima"]
[Date "2022.05.09"]
[Round "9.5"]
[White "Batsiashvili, Nino"]
[Black "Martirosyan, Haik M."]
[Result "0-1"]
[ECO "E43"]
[WhiteElo "2463"]
[BlackElo "2652"]
[Annotator "TA"]
[PlyCount "84"]
[EventDate "2022.05.05"]
[EventType "swiss"]
[EventCountry "ESP"]
[SourceTitle "playchess.com"]
[Source "ChessBase"]
[SourceQuality "1"]
[TimeControl "40/5400+30:1800+30"]

1. d4 Nf6 2. c4 e6 3. Nc3 Bb4 4. Nf3 b6 5. e3 Bb7 6. Bd3 O-O 7. O-O Bxc3 8. bxc3 d6 9. Nd2 e5 10. e4 Nc6 11. Bb2 Re8 {[%emt 0:03:54] [#]} 12. f4 $146 {[%emt 0:01:22] E43: Nimzo-Indian: Rubinstein: 4...b6.} ({Predecessor:} 12. Re1 Na5 13. Qc2 Ba6 14. Rad1 Qd7 15. Bf1 c5 16. g3 Re7 17. Bc1 h6 18. d5 Nh7 19. f3 Rb8 {½-½ (96) Vitiugov,N (2719)-Morozevich,A (2739) Tromsoe 2013}) 12... exf4 13. Rxf4 Ne7 14. Rxf6 {[%emt 0:04:24] The position is equal.} gxf6 15. Qh5 Ng6 16. Rf1 $1 Re6 17. Bc1 Qe7 18. Rf3 Bxe4 19. Nxe4 Rxe4 20. Bxe4 Qxe4 21. Rxf6 Re8 22. Rf1 c5 $40 {[%emt 0:05:26][%mdl 128] Black is up to no good.} 23. Bd2 (23. Qd1 $11 {keeps the balance.}) 23... cxd4 $17 24. Re1 Qc6 {[%emt 0:01:24] White must now prevent ...Rxe1+. Black is more active.} 25. Rxe8+ Qxe8 26. cxd4 {[%emt 0:00:02][%mdl 4096] Endgame KQB-KQN} ({White should try} 26. Qf3) 26... Qe4 27. Qd5 {[%emt 0:06:11] [#]} Qe2 28. Qg5 Qxc4 29. Be3 (29. Qf6 $17 Qe2 30. Bh6 (30. Qg5 Qd3 $17) 30... Qe1+ 31. Qf1) 29... Qe6 (29... Qxa2 $19 {And now ...Qe2 would win.} 30. h3 Qe6) 30. h4 f6 ({But not} 30... Qxa2 31. h5 h6 32. Qg3 $16 (32. Qxh6 Nf8 $14) (32. Qd8+ Kg7 $14)) 31. Qg3 Kf7 ({Don't do} 31... Qxa2 32. h5 $16) 32. Bf2 Qd5 33. h5 {[%emt 0:03:30] [#]} Ne7 34. Qf4 (34. a3 $17 {keeps fighting.}) 34... Qxa2 $19 35. Qxd6 Qb1+ 36. Kh2 Qf5 37. Kg1 Qxh5 38. Qc7 Qa5 39. d5 $2 (39. Qc2) 39... Qa1+ {[%emt 0:00:45] Black is clearly winning.} 40. Kh2 Qe5+ 41. Qxe5 fxe5 42. Bg3 Ng6 {[%emt 0:05:22] Weighted Error Value: White=0.41/Black=0.05 (flawless)} 0-1

[Event "1st Chessable Sunway Formentera 2022"]
[Site "Formentera Punta Prima"]
[Date "2022.05.09"]
[Round "9.6"]
[White "Romanishin, Oleg M"]
[Black "Jarmula, Lukasz"]
[Result "1/2-1/2"]
[ECO "D12"]
[WhiteElo "2400"]
[BlackElo "2459"]
[Annotator "TA"]
[PlyCount "47"]
[EventDate "2022.05.05"]
[EventType "swiss"]
[EventCountry "ESP"]
[SourceTitle "playchess.com"]
[Source "ChessBase"]
[SourceQuality "1"]
[TimeControl "40/5400+30:1800+30"]

1. d4 d5 2. Nf3 Nf6 3. c4 c6 4. e3 Bf5 5. Bd3 Bxd3 6. Qxd3 e6 7. O-O Nbd7 8. Nc3 Be7 {[%emt 0:00:44] 8...Bb4 might become the main line.} 9. e4 dxe4 10. Nxe4 c5 {[%emt 0:00:36] D12: Slav Defence: 3 Nf3 Nf6 4 e3 Bf5.} 11. Be3 cxd4 {[%emt 0:04:41] [#]} 12. Bxd4 $146 ({Predecessor:} 12. Qxd4 Qc7 13. Rfd1 Nxe4 14. Qxe4 Nf6 15. Qe5 Qxe5 16. Nxe5 O-O 17. Kf1 Rfc8 18. Rac1 {½-½ (33) Costigan,R (2301)-King,A (2249) ICC INT 2012}) 12... O-O 13. Rad1 Qa5 14. Bc3 Qh5 15. Nxf6+ Nxf6 16. b3 a6 17. h3 b5 18. Be5 bxc4 19. bxc4 Rac8 20. Qb3 $1 Rfe8 21. Qa4 a5 22. Qxa5 Rxc4 23. Qa6 (23. Rc1 $5 Re4 24. Qb5 $11) 23... Rcc8 24. Rc1 {[%emt 0:02:17] A balanced but interesting game.  Weighted Error Value: White=0.07 (flawless) /Black=0.06 (flawless)} 1/2-1/2

[Event "1st Chessable Sunway Formentera 2022"]
[Site "Formentera Punta Prima"]
[Date "2022.05.09"]
[Round "9.7"]
[White "Song, Julien"]
[Black "Alinasab, Mobina"]
[Result "1-0"]
[ECO "E04"]
[WhiteElo "2388"]
[BlackElo "2373"]
[Annotator "TA"]
[PlyCount "79"]
[EventDate "2022.05.05"]
[EventType "swiss"]
[EventCountry "ESP"]
[SourceTitle "playchess.com"]
[Source "ChessBase"]
[SourceQuality "1"]
[TimeControl "40/5400+30:1800+30"]

1. d4 d5 2. c4 e6 3. Nf3 Nf6 4. g3 dxc4 5. Bg2 c6 6. a4 {[%emt 0:00:57] E04: Open Catalan: 5 Nf3.} Bb4+ 7. Bd2 a5 8. Qc2 {[%emt 0:00:56] The position is equal.} Bxd2+ 9. Qxd2 b5 10. axb5 cxb5 11. Qg5 O-O 12. Qxb5 Ba6 13. Qa4 Qb6 14. O-O Bb5 15. Qc2 Nc6 16. Na3 Nb4 17. Qd2 {[%emt 0:00:49] [#]} Rac8 $146 (17... Ne4 $5 18. Qf4 Nd6 $11) ({Predecessor:} 17... Rfd8 18. Rfc1 Rac8 19. Ne5 Rxd4 20. Qe3 Nbd5 21. Bxd5 Nxd5 22. Qf3 f5 23. Qh5 Be8 {0-1 (42) Baykal,M (1805)-Yaver,F (2096) Antalya 2018}) 18. Ne5 Rfd8 $1 19. Nxb5 Qxb5 20. Rfd1 Ne8 21. Qf4 f6 22. Nf3 Nd5 {[%emt 0:04:18] Against Qe3} 23. Qe4 Rd6 {[%emt 0:05:31] [#]} 24. Qc2 (24. Bh3 $1 $16 Rcc6 25. Rdb1) 24... c3 $11 25. bxc3 Nxc3 26. Re1 a4 27. e4 Qb3 28. Qd2 a3 29. e5 fxe5 30. Nxe5 Qb2 (30... Nf6 $11) 31. Qe3 Qb4 32. Bh3 {[%emt 0:06:48][%cal Oe5f7] Threatens to win with Nf7!} Nc7 $1 33. d5 $36 {[%emt 0:00:01][%mdl 2048] White has good play.} N7xd5 34. Qa7 a2 $2 {[%emt 0:01:22][%mdl 8192] [#] This costs Black the game.} (34... Rf8 $16) 35. Bxe6+ $1 $18 {[%emt 0:01:09][%mdl 576] Decoy} Rxe6 36. Qf7+ Kh8 37. Qxe6 Rf8 38. Nf7+ {[%emt 0:00:41] White mates.} Rxf7 39. Qxf7 h6 40. Re8+ {[%emt 0:00:00] Weighted Error Value: White=0.09 (flawless) /Black=0.26 (precise)} 1-0

[Event "1st Chessable Sunway Formentera 2022"]
[Site "Formentera Punta Prima"]
[Date "2022.05.08"]
[Round "9.8"]
[White "Real, Thibault"]
[Black "Soham Das"]
[Result "0-1"]
[ECO "A80"]
[WhiteElo "2262"]
[BlackElo "2266"]
[Annotator "TA"]
[PlyCount "60"]
[EventDate "2022.05.05"]
[EventType "swiss"]
[EventCountry "ESP"]
[SourceTitle "playchess.com"]
[Source "ChessBase"]
[SourceQuality "1"]
[TimeControl "40/5400+30:1800+30"]

1. d4 f5 2. Nc3 Nf6 3. Bg5 d5 4. h3 e6 5. e3 Be7 {[%emt 0:02:53] [#]} 6. Bxf6 $146 {[%emt 0:00:00] A80: Dutch Defence: Unusual White second moves.} ({Predecessor:} 6. g4 O-O 7. Qd2 Ne4 8. Bxe7 Qxe7 9. Nxe4 fxe4 10. O-O-O c5 11. Bg2 cxd4 12. exd4 Qh4 {½-½ (35) Negulescu,A (2450)-Grivas,E (2505) Varna 1994}) 6... Bxf6 7. g4 c5 8. gxf5 {[%emt 0:06:47] The position is equal.} O-O $1 9. Nf3 Nc6 10. Bg2 cxd4 ({But not} 10... exf5 11. dxc5 d4 12. Nxd4 $11 (12. exd4 Re8+ 13. Kf1 Be6 $11)) 11. Nxd4 (11. exd4 $11 Re8 12. O-O) 11... Bxd4 12. exd4 Rxf5 13. Ne2 Bd7 14. O-O Qh4 15. f4 Raf8 {[%emt 0:03:54] Black is more active.} 16. Qe1 Qh6 17. Qg3 Ne7 18. Bf3 R5f6 {[%emt 0:02:09] [#] Strongly threatening ...Rg6.} 19. Bg4 Ng6 20. Rae1 Bb5 ({Not} 20... Nxf4 21. Rxf4 Rxf4 22. Nxf4 Qxf4 23. Qxf4 Rxf4 24. Bxe6+ Bxe6 25. Rxe6 $15) 21. f5 $2 {[%emt 0:04:51][%mdl 8192] This move loses the game for White.} (21. Kh2 $17) 21... exf5 $19 {[%emt 0:03:08][%cal Be6f5,Bf5f4][%mdl 32] Black is clearly winning.} 22. Bf3 f4 23. Bxd5+ (23. Qg4 $142 Kh8 24. Kf2) 23... Kh8 24. Qb3 Bd7 25. Rf3 Rb6 26. Qc4 Rc8 27. Qxc8+ Bxc8 28. Nxf4 Bd7 29. Be6 Qg5+ 30. Bg4 h5 {[%emt 0:04:26] Weighted Error Value: White=0.81/Black=0.18 (very precise)} 0-1

[Event "1st Chessable Sunway Formentera 2022"]
[Site "Formentera Punta Prima"]
[Date "2022.05.09"]
[Round "9.9"]
[White "Eugene, Floryan"]
[Black "Vrolijk, Liam"]
[Result "1-0"]
[ECO "C56"]
[WhiteElo "2370"]
[BlackElo "2467"]
[Annotator "TA"]
[PlyCount "85"]
[EventDate "2022.05.05"]
[EventType "swiss"]
[EventCountry "ESP"]
[SourceTitle "playchess.com"]
[Source "ChessBase"]
[SourceQuality "1"]
[TimeControl "40/5400+30:1800+30"]

1. e4 e5 2. Nf3 Nc6 3. Bc4 Nf6 4. d4 exd4 5. e5 d5 6. Bb5 Nd7 7. O-O Be7 8. Bxc6 bxc6 9. Nxd4 {[%emt 0:00:10] C56: Two Knights: 4 d4 exd4 5 0-0 Nxe4.} Nb8 10. Nc3 O-O 11. Qf3 {[%emt 0:00:09] The position is equal.} Be6 (11... a5 $11) 12. Rd1 Qd7 {[%emt 0:02:52] [#]} 13. Qg3 $146 {[%emt 0:01:07] Hoping for Bh6.} ({Predecessor:} 13. h3 c5 14. Nxe6 fxe6 15. Qg4 Rf5 16. Bh6 Bf8 17. Ne4 Qf7 18. Nf6+ Kh8 19. Rxd5 exd5 20. Qxf5 gxf6 {1-0 (30) Polivanov,A (2454)-Ostrovskiy,A (2425) Chess.com INT 2021}) 13... Kh8 14. Bg5 Bxg5 $1 15. Qxg5 c5 16. Nde2 d4 17. Nf4 (17. b3 $11 {should be considered.}) 17... Bf5 18. Ncd5 h6 19. Qg3 Nc6 $1 20. c3 (20. Nh5 Bg6 21. Ndf4 Qf5 $17) 20... Rae8 ({But not} 20... g5 21. Nf6 Qc8 22. Nd3 dxc3 23. bxc3 $16) (20... Rad8 $5 ) 21. cxd4 Nxd4 22. Nc3 Qc6 (22... Re7 $5 ) 23. Rac1 ({Reject} 23. Nh5 Rg8 $15) 23... Rxe5 24. Rxd4 $40 {[%emt 0:00:32][%mdl 128] White attacks.} cxd4 25. Nh5 $1 {[%emt 0:00:13][%csl Gh5,LRe5,LRg7][%cal Rg3g7] Pair of Knights!} Qg6 26. Qxe5 {[%emt 0:00:08][%cal Oc3e2] aiming for Ne2!} dxc3 27. Nf4 Qg5 {[%emt 0:00:47] Strongly threatening ...cxb2.} (27... Qd6 $5 28. Qxf5 Rd8 $11) 28. Rxc3 Bb1 29. Qxc7 Rd8 30. h3 $1 Rd4 31. Rf3 Bxa2 (31... Kh7 $16 {was worth a try.}) 32. Qxa7 $18 Rd1+ 33. Kh2 Ra1 (33... Bd5 {is a better chance.} 34. Nxd5 Qxd5) 34. Qd4 $2 (34. Qb8+ $18 Kh7 35. Ra3) 34... Re1 $16 35. Re3 {[%emt 0:04:52] Against Qe5} Rxe3 36. Qxe3 {[%emt 0:00:40][%mdl 4096] Endgame KQB-KQN} Qb5 37. Qd4 Qb8 {[%emt 0:00:20] [#]} (37... Bc4 $16 {was necessary.}) 38. b4 $1 $18 {[%emt 0:00:42] White is clearly better.} Bb3 39. Kg1 {[%emt 0:00:24] Black must now prevent Nh5.} Ba4 40. Nd3 Bb5 41. Ne5 Qe8 42. Kh2 {[%emt 0:09:25] White is more active.} f6 (42... Kg8 $16 {keeps fighting.} 43. Qd5 Ba4) 43. Nc4 {[%emt 0:00:59] Weighted Error Value: White=0.26 (precise) /Black=0.23 (precise)} 1-0

[Event "1st Chessable Sunway Formentera 2022"]
[Site "Formentera Punta Prima"]
[Date "2022.05.09"]
[Round "9.10"]
[White "Papadiamandis, Elliot"]
[Black "Chiku-Ratte, Olivier-Kenta"]
[Result "1/2-1/2"]
[ECO "B29"]
[WhiteElo "2373"]
[BlackElo "2358"]
[Annotator "TA"]
[PlyCount "91"]
[EventDate "2022.05.05"]
[EventType "swiss"]
[EventCountry "ESP"]
[SourceTitle "playchess.com"]
[Source "ChessBase"]
[SourceQuality "1"]
[TimeControl "40/5400+30:1800+30"]

1. e4 c5 2. Nf3 Nf6 3. e5 Nd5 4. d4 cxd4 5. Qxd4 e6 6. Bc4 Nc6 7. Qe4 d6 8. O-O dxe5 {[%emt 0:21:28] B29: Sicilian: 2 Nf3 Nf6 (Nimzowitsch Variation).} 9. Nxe5 Nf6 {[%emt 0:14:41] [#]} 10. Nxc6 $1 Nxe4 {[%emt 0:06:35] White is slightly better.} (10... Qd6 11. Qe2) 11. Nxd8 Kxd8 {[%emt 0:00:05] [#]} 12. Re1 $146 ({Predecessor:} 12. Be3 Bc5 13. Bxc5 Nxc5 14. Nc3 Ke7 15. Rfe1 Bd7 16. Rad1 Rhc8 17. b4 Na6 18. Nd5+ {0-1 (32) Tesla,V (2293)-Legky,N (2420) Odessa 2010}) 12... Nd6 13. Bb3 Bd7 14. Nc3 a5 15. a4 Ra6 16. Bf4 {[%emt 0:02:49] aiming for Rad1.} Be7 17. Rad1 Kc8 $1 18. Rd3 $36 {[%emt 0:10:20][%mdl 2048] Strongly threatening Red1. White is more active.} Rd8 19. Red1 {[%emt 0:07:10][%cal Rf4d6] White is much more active.} Be8 20. Rh3 h6 21. Be5 Nf5 22. Rxd8+ Bxd8 (22... Kxd8 $14 23. Rd3+ Bd7) 23. g4 $16 Nh4 24. Bxg7 Bc6 {[%emt 0:03:24] Inhibits Ne4.} (24... Rd6 $16) 25. Bxh6 Nf3+ 26. Kf1 Bc7 {[%emt 0:00:02] [#]} 27. Be3 (27. Bc1 $1 $18) 27... Nxh2+ 28. Ke2 Nxg4 29. Rh8+ Kd7 30. Bc4 (30. Bg5 $16) 30... Bf3+ $1 $11 {[%emt 0:00:54] The position is equal.} 31. Ke1 Nxe3 32. Bb5+ Ke7 {[%emt 0:00:44] ...Ng2+ is the strong threat.} 33. fxe3 Rd6 34. Kf2 Bc6 {[%emt 0:00:47] Prevents Re8+. Hoping for ...Rd2+.} 35. Ke2 {[%emt 0:01:08] Inhibits Rd2+.} Bd7 36. Rh7 Be8 37. Bxe8 Kxe8 {[%emt 0:00:01][%mdl 4096] Endgame KRB-KRN} 38. Ne4 Rb6 39. b3 Rc6 40. Kd3 Bd8 41. Rh8+ Kd7 42. Rh7 Ke8 43. Rh8+ Kd7 44. Rh7 Ke8 45. c4 f5 46. Nc3 {[%emt 0:00:02] Black defended with fortune.  Weighted Error Value: White=0.10 (very precise) /Black=0.09 (flawless)} 1/2-1/2

[Event "1st Chessable Sunway Formentera 2022"]
[Site "Formentera Punta Prima"]
[Date "2022.05.08"]
[Round "9.11"]
[White "Tsatsalashvili, Keti"]
[Black "Bergez, Luc"]
[Result "1/2-1/2"]
[ECO "E70"]
[WhiteElo "2331"]
[BlackElo "2331"]
[Annotator "TA"]
[PlyCount "139"]
[EventDate "2022.05.05"]
[EventType "swiss"]
[EventCountry "ESP"]
[SourceTitle "playchess.com"]
[Source "ChessBase"]
[SourceQuality "1"]
[TimeControl "40/5400+30:1800+30"]

1. d4 Nf6 2. c4 g6 3. Nc3 Bg7 4. e4 O-O 5. Nf3 c6 6. e5 Ne8 $1 7. Be3 {[%emt 0:00:07] E70: King's Indian: Miscellaneous lines with 4 e4, including 5 Nge2 and 5 Bd3 0-0 6 Nge2.} d6 8. h3 {[%emt 0:06:27] Against Bg4} dxe5 9. Nxe5 {[%emt 0:01:43] [#]} c5 $146 ({Predecessor:} 9... Nd6 10. f4 Be6 11. b3 Nf5 12. Bf2 Qa5 13. Qd2 Rd8 14. O-O-O Nd7 15. g4 Nxe5 16. gxf5 Nf3 17. Qb2 Qxf5 18. Ne2 c5 19. Bg2 Nxd4 20. Be3 Nxe2+ {0-1 (20) Schuh,D (2377)-Heberla,B (2553) Germany 2013}) 10. Nf3 Nd6 11. dxc5 Nf5 12. Qxd8 Rxd8 13. Bd2 Na6 14. O-O-O (14. g4 $5 ) 14... Nxc5 15. g4 Nd6 {[%emt 0:00:52][%cal Ob7b5] White must now prevent ...b5!} 16. Nd5 Be6 (16... Nde4 {is interesting.} 17. Be3 Be6 18. Nxe7+ Kf8) 17. Nxe7+ Kf8 18. Nd5 Rac8 {[%emt 0:03:14][%cal Oc5d3][%mdl 1024] Black has compensation.} (18... Nxc4 19. Bxc4 Rxd5 20. Kb1 $11 (20. Bxd5 Bxd5 21. Bb4 Bxf3 $11)) 19. Bg5 Rd7 {[%emt 0:09:53] Against Be7+} 20. Kb1 Nde4 {[%emt 0:02:12] Against Nf6} 21. Be3 Na4 (21... b5 $17 {Strongly threatening ...bxc4.} 22. Nd4 bxc4) 22. Bd3 (22. Bd4 $15) 22... Nxb2 $2 (22... Nec5 $1 $19 23. Bd4 Nxd3 24. Rxd3 Rxc4) 23. Bxe4 $11 Nxd1 24. Rxd1 Rxc4 25. Ng5 Rxe4 26. Nxh7+ Kg8 27. Nhf6+ Kh8 28. Nxd7 Bxd7 29. Nc3 Rb4+ (29... Bxc3 30. Rxd7 Kg7 31. Rxb7 $16) 30. Kc2 Bc6 31. Rd8+ Kh7 32. Bd2 a5 33. a3 Rc4 (33... Rd4 $1 $15 {is superior.} 34. Rxd4 Bxd4) 34. Kd3 $1 Rc5 35. a4 Bg2 36. Rd7 f5 37. gxf5 gxf5 38. Ke2 {[%emt 0:00:35] [#]} (38. h4 $11 {remains equal.}) 38... Bc6 $1 $17 39. Re7 Kg6 40. Kd3 Bf6 {[%emt 0:00:00] This bishop pair is nice.} 41. Re1 f4 42. Rg1+ Kf5 43. Rg8 Ke6 44. Rg4 Be5 45. h4 Bf3 46. Rg6+ Bf6 47. Rg1 (47. Rg8 $142) 47... Kf5 ({And not} 47... Bxh4 48. Bxf4 Bf6 49. Nb5 $15) 48. h5 (48. Rg8 $17) 48... Bxh5 $19 49. Rb1 Bg6 50. Rb6 (50. Rg1 {is the only way for White.}) 50... f3 (50... Kg4+ $142 51. Ke2 f3+ 52. Kd1 Rc6 53. Rxc6 bxc6) 51. Ne4 Rd5+ 52. Kc2 Be5 ({Weaker is} 52... Kxe4 53. Rxf6 Bf5 54. Bc3 $17) 53. Nc3 Rd7 54. Nb5 {[%emt 0:02:11] [#]} Bh7 $1 55. Be3 $2 (55. Kc1 {was necessary.}) 55... Kg4+ 56. Kc1 Bd3 {[%emt 0:01:10] aiming for ...Bf5.} 57. Re6 Rd5 58. Na3 (58. Rb6) 58... Kh3 59. Nc2 Bxc2 $2 (59... Bc3 $19 {And now ...Kg2 would win.} 60. Rb6 Be2) 60. Kxc2 {[%emt 0:00:01][%mdl 4096] Endgame KRB-KRB. The position is equal.} Kg2 {[%emt 0:00:16] Threatens to win with ...Kf1.} 61. Rg6+ $1 Kf1 62. Rg5 Ke2 63. Rf5 b5 64. axb5 a4 (64... Rxb5 $5 65. Bd4 a4 $11) 65. b6 a3 $1 {[%emt 0:00:25] ( -> ...a2)} 66. Kb3 {[%emt 0:00:53] Hoping for Ka2.} Rd3+ 67. Ka2 Bd6 68. Rf6 {[%emt 0:01:01][%cal Of6d6] Rxd6! is the strong threat.} Rxe3 69. fxe3 f2 70. b7 {[%emt 0:00:13] White happily takes the draw.  Weighted Error Value: White=0.28 (precise) /Black=0.24 (precise)} ({Don't blunder} 70. Rxd6 $2 f1=Q 71. Rd5 Qf7 $19) 1/2-1/2

[Event "1st Chessable Sunway Formentera 2022"]
[Site "Formentera Punta Prima"]
[Date "2022.05.08"]
[Round "9.12"]
[White "Chkhaidze, Nikoloz"]
[Black "Neiman, Emmanuel"]
[Result "0-1"]
[ECO "D37"]
[WhiteElo "2301"]
[BlackElo "2248"]
[Annotator "TA"]
[PlyCount "188"]
[EventDate "2022.05.05"]
[EventType "swiss"]
[EventCountry "ESP"]
[SourceTitle "playchess.com"]
[Source "ChessBase"]
[SourceQuality "1"]
[TimeControl "40/5400+30:1800+30"]

1. d4 d5 2. c4 e6 3. Nf3 Nf6 4. Nc3 Be7 5. Bf4 O-O 6. e3 c5 7. dxc5 Bxc5 8. a3 Nc6 9. Qc2 Qa5 10. Rd1 Be7 11. cxd5 {[%emt 0:14:44] D37: Queen's Gambit Declined: 5 Bf4.} (11. Be2 $142) 11... exd5 {[%emt 0:05:14] [#]} ({Black should try} 11... Nxd5 $11 12. Bd3 Nxc3 13. bxc3 (13. Bxh7+ Kh8 $17) 13... g5) 12. Be2 $146 ({Predecessor:} 12. Bd3 Bg4 13. O-O Bxf3 14. gxf3 d4 15. Ne4 Nd5 16. Kh1 Nxf4 17. exf4 Rac8 18. Qe2 Qf5 {1-0 (63) Prraneeth,V (2253)-Urbina Quiroz,E (2123) Chess.com INT 2021}) 12... h6 13. O-O {[%emt 0:00:24][%cal Bh1f1,Bf1b1,Bb1b4][%mdl 32] White is slightly better.} Be6 14. b4 Qxa3 15. Ra1 Qxb4 {[%emt 0:00:33] ...d4 is the strong threat.} (15... Nxb4 $2 16. Qd2 Na2 17. Rxa2 $18) 16. Rfb1 Bf5 17. Rxb4 Bxc2 18. Rxb7 a5 19. Rc1 Bf5 20. Na4 Ra7 21. Rxa7 Nxa7 22. Rc7 {[%emt 0:01:57] [#]} (22. Nd4 $11 {should be considered.} Rc8 23. Ra1) 22... Rc8 $1 $15 23. Nd4 ({Of course not} 23. Rxe7 Rc1+ 24. Bf1 Bd3 $17) 23... Rxc7 24. Bxc7 Bd7 25. Nb6 Be8 {[%emt 0:03:41] Black continues to play with concentration.} 26. Bf3 Nb5 27. Nxb5 Bxb5 28. Nxd5 (28. Bxd5 $17 {might work better.} a4 29. Ba2) 28... Nxd5 $19 29. Bxd5 $17 {[%emt 0:00:01][%mdl 4096] Endgame KBB-KBB} a4 30. f3 (30. e4 {was worth a try.}) 30... Bd3 31. Kf2 Bb1 32. e4 a3 33. f4 ({Don't play} 33. Be5 Bf6 34. Bxf6 gxf6 $19) 33... a2 34. Be5 Bf6 35. Bxa2 Bxa2 36. Bd6 Bd4+ 37. Kf3 f6 38. g4 (38. f5 {is a better defense.}) 38... g5 $19 39. e5 fxe5 40. fxg5 (40. fxe5 $142 Bd5+ 41. Ke2) 40... Bd5+ 41. Ke2 hxg5 42. Be7 Bg2 {[%emt 0:03:42] [#] aiming for ...e4.} 43. Bxg5 e4 44. Be3 Be5 45. Kf2 Bh3 46. Bg5 Bxh2 47. Ke3 Bg2 48. Bd8 Bg1+ 49. Kf4 Bh2+ 50. Ke3 Bg3 51. Bf6 Kf7 52. Bd8 Ke6 53. Bg5 Bf3 54. Bd8 Kd5 55. g5 Bh5 56. Bf6 Bg6 57. Bd8 Ke6 58. Bf6 Kf5 59. Bd8 Bf4+ 60. Ke2 Bxg5 61. Bb6 {[%emt 0:00:04] Black mates.} Bh5+ 62. Kf2 Bf3 63. Kg3 Bd2 64. Kf2 Ke6 65. Kg3 Kd5 66. Kf2 Kc4 67. Kg3 Kd3 68. Kf2 Bd1 69. Kg3 e3 70. Kh4 e2 71. Bf2 e1=Q 72. Bxe1 Bxe1+ 73. Kg5 Bf3 74. Kf4 Be4 75. Ke5 Bd2 76. Kd6 Kd4 77. Ke6 Bf4 78. Kf6 Kd5 79. Ke7 Be5 80. Kd7 Bf5+ 81. Ke7 Kc6 82. Kf7 Kd6 83. Ke8 Be6 84. Kd8 Bf6+ 85. Ke8 Bd5 86. Kf8 Ke6 87. Ke8 Be4 88. Kf8 Bg6 89. Kg8 Be5 90. Kf8 Kf6 91. Kg8 Bf4 92. Kf8 Bh6+ 93. Kg8 Bf5 94. Kh8 Kg6 {[%emt 0:00:08] Weighted Error Value: White=0.63/Black=0.06 (flawless)} 0-1

[Event "1st Chessable Sunway Formentera 2022"]
[Site "Formentera Punta Prima"]
[Date "2022.05.08"]
[Round "9.13"]
[White "Bernard, Jacques"]
[Black "Garcia Martin, Marta"]
[Result "1/2-1/2"]
[ECO "C68"]
[WhiteElo "2122"]
[BlackElo "2326"]
[Annotator "TA"]
[PlyCount "148"]
[EventDate "2022.05.05"]
[EventType "swiss"]
[EventCountry "ESP"]
[SourceTitle "playchess.com"]
[Source "ChessBase"]
[SourceQuality "1"]
[TimeControl "40/5400+30:1800+30"]

1. e4 e5 2. Nf3 Nc6 3. Bb5 a6 4. Bxc6 dxc6 5. O-O Bd6 6. d4 exd4 7. Qxd4 f6 8. Nbd2 Be6 9. Re1 Ne7 (9... Nh6 {feels hotter.} 10. e5 fxe5 11. Nxe5 O-O) 10. c4 {[%emt 0:18:34] [#] C68: Ruy Lopez: Exchange Variation, sidelines.} (10. e5 $11 fxe5 11. Nxe5) 10... c5 $146 ({Predecessor:} 10... Ng6 11. b3 Be5 12. Qxd8+ Rxd8 13. Nxe5 Nxe5 14. Nf3 Nd3 15. Rd1 Nxc1 16. Raxc1 O-O 17. Nd4 Bc8 {1-0 (77) Rohackova,V-Maslikova,V Ivanka pri Dunaji 1999}) 11. Qc3 Nc6 {[%emt 0:06:39] Against e5} 12. b3 {[%emt 0:15:25] Black is slightly better.} O-O 13. Bb2 Qe8 14. Nf1 Qg6 15. Ng3 Rfe8 16. Nh4 Qf7 ({Better is} 16... Qg4 $17 17. Nf3 b5) 17. Nhf5 $11 Bf4 18. Qf3 Be5 19. Bxe5 fxe5 20. Rad1 Kh8 {[%emt 0:03:14] Threatens to win with ...g6.} (20... a5 {is more complex.} 21. Qe3 Nd4 22. Qg5 Qf6) 21. Nh4 Qxf3 22. Nxf3 Bg4 23. Rd3 Rad8 24. Red1 (24. Rxd8 $11 Rxd8 25. Ng5) 24... Nd4 $17 25. Kf1 $1 Rd6 26. Ne2 $1 Nxf3 (26... Bxf3 $15 27. gxf3 Rf8) 27. gxf3 $11 Bxf3 28. Rxd6 cxd6 29. Rxd6 Bxe4 $15 {[%emt 0:00:04][%mdl 4096] Endgame KRB-KRN} 30. Rd7 Bc6 31. Rc7 h6 32. Nc3 Rd8 33. Ke2 {[%emt 0:00:16] Prevents Rd2+.} Rd4 34. Re7 Rh4 35. Rxe5 Rxh2 36. Rxc5 h5 (36... Rh3 $5 37. Nd1 h5 $15) 37. Re5 h4 38. Nd5 Kh7 39. Ne7 Be8 {[%emt 0:00:00] Inhibits Rh5+.} 40. Kf3 h3 41. Nd5 Bc6 42. Re1 Rg2 {[%emt 0:12:26] Prevents Rg1.} (42... Kg8 $11) 43. Rh1 $16 Bd7 {[%emt 0:00:08] [#]} 44. Nf4 $1 Rg5 {[%emt 0:03:42] ...Bc6+ is the strong threat.} 45. Nxh3 Bc6+ 46. Kf4 Ra5 47. Re1 {[%emt 0:02:07] White wants to play a4.} Rxa2 48. Re3 a5 49. Ke5 a4 50. bxa4 Rxa4 51. c5 Rc4 52. Ng5+ Kg8 53. Ne6 Bd7 54. Kd6 (54. Nd8 $5 ) 54... Bc8 (54... Bxe6 $11 {keeps the balance.} 55. Rxe6 Kf8) 55. Re5 ({White should play} 55. Ng5 $16 Kf8 56. Re5) 55... Kf7 (55... Bxe6 $5 56. Rxe6 Kf8 $11) 56. Ng5+ Kf6 ({Black should try} 56... Kg6 $11) 57. Ne4+ $14 Kg6 58. Kc7 Bh3 59. f3 ({But not} 59. Kxb7 {[#]} Rxe4 $1 60. Rxe4 Bg2 $11) 59... b5 (59... Rb4 $14) 60. Nd6 (60. Kb6 $18) 60... Rc3 61. Nxb5 Rxf3 62. c6 Kf6 63. Re8 {[%emt 0:00:05] And now Rf8+ would win.} Rb3 64. Nd6 Rb1 65. Rf8+ Ke5 66. Nf7+ Kf6 67. Nd6+ Ke5 68. Re8+ (68. Rf2 $14) 68... Kd5 (68... Kf6 $11) 69. Rh8 {[%emt 0:00:42] White is more active.} (69. Re3 $16 Bg4 70. Rd3+ Ke6 71. Nc4) 69... Bg2 70. Rh5+ Ke6 71. Rg5 Bxc6 {[%emt 0:00:37] The position is equal.} 72. Rg6+ Kd5 $1 73. Rg5+ Ke6 74. Rg6+ Kd5 $1 {[%emt 0:00:04] Weighted Error Value: White=0.15 (very precise) /Black=0.17 (very precise)} 1/2-1/2